 Dungeon Sprint DCSS version 0.28.0-53-g5a82cb258f (webtiles) character file.

Game seed: 5567444905062551026

1193 Zeld the Cleaver (level 8, -4/85 HPs)
             Began as a Minotaur Berserker on June 4, 2022.
             Was a Priest of Trog.
             Slain by Sonja
             ... wielding a +2 dagger of distortion
              (5 damage)
             ... in the Dungeon (Sprint I: "Red Sonja").
             The game lasted 00:00:49 (1224 turns).

Zeld the Cleaver (Minotaur Berserker)               Turns: 1224, Time: 00:00:50

Health: -4/85      AC:  2    Str: 23    XL:     8   Next: 20%
Magic:  7/7        EV: 15    Int:  4    God:    Trog [***...]
Gold:   418        SH:  0    Dex: 11    Spells: 7/7 levels left

rFire   . . .      SeeInvis .   a - +0 hand axe
rCold   . . .      Faith    .   (no shield)
rNeg    . . .      Spirit   .   b - +0 animal skin
rPois   .          Reflect  .   (helmet restricted)
rElec   .          Harm     .   (no cloak)
rCorr   .          Rampage  .   (no gloves)
Will    .....      NoTele   +   (no boots)
Stlth   +.........              (no amulet)
HPRegen 0.24/turn               (no ring)
MPRegen 0.10/turn               (no ring)

@: lethally poisoned (-4 -> -7), slowed, very slow
A: horns 2, retaliatory headbutt
a: Renounce Religion, Berserk, Trog's Hand


You were in the Dungeon.
You worshipped Trog.
Trog was most pleased with you.
You visited 1 branch You collected 418 gold pieces.

Inventory:

Hand Weapons
 a - a +0 hand axe (weapon)
Armour
 b - a +0 animal skin (worn)
Wands
 i - a wand of mindburst (12)
 j - a wand of polymorph (7)
Scrolls
 h - a scroll of blinking
 k - a scroll of identify {unknown}
Potions
 c - a potion of curing
 d - a potion of heal wounds
 e - a potion of haste
 f - 2 potions of magic
 g - a potion of berserk rage


   Skills:
 * Level 12.9 Fighting
 * Level 13.0 Axes
 + Level 9.2 Armour
 + Level 8.6 Dodging


You had 7 spell levels left.
You didn't know any spells.
Your spell library was empty.

Dungeon Overview and Level Annotations

Branches:
Dungeon (1/1)

Altars:
Cheibriados
Dithmenos
Elyvilon
Fedhas
Gozag
Hepliaklqana
Kikubaaqudgha
Makhleb
Nemelex Xobeh
Okawaru
Qazlal
Ru
Sif Muna
Trog
Uskayaw
Vehumet
Wu Jian
Xom
Yredelemnul
Zin
The Shining One
Jiyva
Lugonu

Shops:
D :

Annotations:
D Sonja


Innate Abilities, Weirdness & Mutations

You have a pair of horns on your head.
You reflexively headbutt those who attack you in melee.


Message History

The curare-tipped dart completely misses you.
Unknown command.
You feel very sick.
Sonja gestures wildly while chanting.
Sonja blinks!
Unknown command.
You feel very sick.
Sonja throws a curare-tipped dart.
The curare-tipped dart barely misses you.
You swap places.
You feel sick. Sonja misses you. You furiously retaliate!
You headbutt Sonja! Sonja barely misses you.
Sonja hits you with a +2 dagger of distortion.
Space warps horribly around you!!
* * * LOW HITPOINT WARNING * * *
Sonja gestures wildly while chanting.
Sonja blinks!
There is an open door here.
What are your orders? t - Shout!
Orders for allies: a - Attack new target. r - Retreat! s - Stop attacking. g - Guard the area. f - Follow me.
Anything else - Cancel.
Gang up on whom?
Press: ? - help, Dir - move target, f - Sonja
Aim: Sonja, wielding a +2 dagger of distortion and quivering curare-tipped darts (heavily wounded, ally target) Attack!
You feel sick.
Sonja gestures wildly while chanting.
Sonja blinks!
Your polar bear barely misses Sonja.
Your polar bear completely misses Sonja. x2
Sonja hits you with a +2 dagger of distortion.
* * * LOW HITPOINT WARNING * * *
Space warps horribly around you!
* * * LOW HITPOINT WARNING * * *
Sonja hits you with a +2 dagger of distortion.
* * * LOW HITPOINT WARNING * * *
Space warps around you.
* * * LOW HITPOINT WARNING * * *
Sonja hits you with a +2 dagger of distortion.
You die...

##########################
#<.#..)..#..'..#__#..')..#
#..').#..').#..'..'..#)..#
#..#####'#####'#__####...+
#..####..#...#.#### ####
#..#__####.§##.#
#..#_____##@#_.+
#⌠⌠#_.∩...'K.._#
####_..__##_h#'#
#_____###'#[# #######
#.### $§$ $.$ ##.## #+#


You could see Sonja (ally target) and a friendly polar bear (summoned, berserk).

Vanquished Creatures
  2 kobold demonologists (D)
  A slime creature (D)
  Sigmund (D)
  A yak (D)
  A floating eye (D)
  An ogre (D)
  A jelly (D)
  Ijyb (D)
9 creatures vanquished.

Notes
Turn   | Place    | Note
-------+----------+-------------------------------------------
     0 | D        | Zeld the Minotaur Berserker began the quest for the Orb.
     0 | D        | Reached XP level 1. HP: 19/19 MP: 0/0
     2 | D        | Noticed Ijyb
    11 | D        | Killed Ijyb
    12 | D        | Reached skill level 5 in Fighting
    12 | D        | Reached skill level 5 in Axes
    12 | D        | Reached XP level 2. HP: 14/29 MP: 1/1
   188 | D        | Noticed an ogre
   192 | D        | Killed an ogre
   193 | D        | Reached skill level 7 in Axes
   193 | D        | Reached skill level 5 in Armour
   193 | D        | Reached XP level 3. HP: 39/39 MP: 2/2
   193 | D        | Reached XP level 4. HP: 47/47 MP: 3/3
   341 | D        | Noticed Sigmund
   346 | D        | Killed Sigmund
   346 | D        | Reached ** piety under Trog
   347 | D        | Reached skill level 9 in Axes
   347 | D        | Reached XP level 5. HP: 57/57 MP: 4/4
   347 | D        | Reached XP level 6. HP: 63/63 MP: 5/5
   494 | D        | Found an ornate altar of the Wu Jian Council.
   494 | D        | Found a shimmering blue altar of Sif Muna.
   496 | D        | Found a radiant altar of Vehumet.
   668 | D        | Found Ifyrad's Book Emporium.
   668 | D        | Found an ancient bone altar of Kikubaaqudgha.
   668 | D        | Found a hazy altar of Hepliaklqana.
   668 | D        | Found a stormy altar of Qazlal.
   668 | D        | Found a hide-covered altar of Uskayaw.
   668 | D        | Found a blossoming altar of Fedhas.
   668 | D        | Found a bloodstained altar of Trog.
   668 | D        | Found an iron altar of Okawaru.
   668 | D        | Found a basalt altar of Yredelemnul.
   668 | D        | Found a glowing golden altar of the Shining One.
   668 | D        | Found a snail-covered altar of Cheibriados.
   668 | D        | Found a sacrificial altar of Ru.
   668 | D        | Found a glowing silver altar of Zin.
   668 | D        | Found a shadowy altar of Dithmenos.
   668 | D        | Found a white marble altar of Elyvilon.
   668 | D        | Noticed a yak
   672 | D        | Killed a yak
   673 | D        | Reached skill level 10 in Fighting
   673 | D        | Reached skill level 10 in Axes
   673 | D        | Found an opulent altar of Gozag.
   674 | D        | Found a sparkling altar of Nemelex Xobeh.
   895 | D        | Found a burning altar of Makhleb.
   895 | D        | Found a viscous altar of Jiyva.
   895 | D        | Found a shimmering altar of Xom.
   895 | D        | Found a corrupted altar of Lugonu.
   895 | D        | Noticed a slime creature
   903 | D        | Killed a slime creature
   904 | D        | Reached skill level 11 in Axes
   904 | D        | Reached XP level 7. HP: 74/74 MP: 6/6
  1098 | D        | Noticed a kobold demonologist
  1099 | D        | Noticed a kobold demonologist
  1102 | D        | Reached *** piety under Trog
  1103 | D        | Killed a kobold demonologist
  1104 | D        | Reached skill level 12 in Axes
  1110 | D        | Killed a kobold demonologist
  1110 | D        | Reached **** piety under Trog
  1111 | D        | Reached skill level 13 in Axes
  1111 | D        | Reached XP level 8. HP: 85/85 MP: 7/7
  1216 | D        | Noticed Sonja
  1224 | D        | HP: 3/85 [Sonja/+2 dagger of distortion (5)]
  1224 | D        | HP: 1/85 [Sonja/+2 dagger of distortion (2)]
  1224 | D        | Slain by Sonja

Illustrated notes

Levels and vault maps discovered:
D:        dungeon_sprint_1 [red_sonja_temple_1, red_sonja_temple_small_1]

Skill      XL: |  1  2  3  4  5  6  7 |
---------------+----------------------+-----
Fighting       | 5 7 9 11 12 | 12.9
Axes           | 5 7 9 11 13 | 13.0
Armour         | 3 5 6 7 9 |  9.2
Dodging        | 3 4 6 7 8 |  8.6

Action                   |  1- 3 |  4- 6 |  7- 9 || total
-------------------------+-------+-------+-------++-------
Melee: Hand axe          |    10 |    18 |    12 ||    40
       Headbutt          |     1 |     6 |     1 ||     8
       Punch             |       |       |     2 ||     2
Invok: Berserk           |     2 |     3 |     1 ||     6
       Brothers in Arms  |       |       |     1 ||     1
Armor: Animal skin       |     1 |       |     1 ||     2
Dodge: Dodged            |     1 |     5 |     6 ||    12
